AoeStats
← [GDL] Maldito Pantoja

Team Islands

503264802Analyzed
4v4 RM · 1mo ago on Aug 30, 2026· 30m 53s· 8 players
Game mode
Random Map
Map size
242×242
Population
200
Speed
Normal
Resources
Standard
Victory
Conquest
Starting age
Dark Age
Ending age
Imperial Age
RankedLock teamsTeams togetherTeam positionsShared explorationLock speedFull tech treeHidden civsTurbo modeCheats
Victory
Defeat
🇺🇸 Wu · United States
1390
+12
🇨🇴 Dravidians · Colombia
1363
+14
🇲🇽 Saracens · Mexico
1332
+15
🇳🇴 Vikings · Norway
1323
+15
🇮🇹 Koreans · Italy
1399
-18
🇮🇹 Poles · Italy
1319
-14
🇮🇹 Portuguese · Italy
1319
-14
🇩🇪 Shu · Germany
1206
-10
Snorkiss89
8:08 Loom
10:47 Feudal Age
14:28 Castle Age
14:06 Scale Mail Armor
13:48 Fishing Lines
15:49 Double-Bit Axe
16:53 Squires
18:14 Arson
20:22 Wheelbarrow
20:32 Bow Saw
22:16 Horse Collar
22:59 Forging
24:39 Chain Mail Armor
24:55 Heavy Plow
25:47 Iron Casting
26:10 Pikeman
28:31 Sanctity
28:06 Gold Mining
28:17 Stone Mining
30:20 Gold Shaft Mining
31:56 Stone Shaft Mining
[GDL] Maldito Pantoja
2:22 Loom
10:57 Feudal Age
15:53 Fletching
19:25 Castle Age
18:31 Double-Bit Axe
18:37 Gold Mining
20:31 Medium Warships
20:53 Bodkin Arrow
27:15 Bow Saw
28:42 Wheelbarrow
28:00 Stone Mining
27:53 Horse Collar
martinhval
11:24 Feudal Age
12:05 Double-Bit Axe
15:08 Castle Age
14:37 Loom
15:03 Fishing Lines
15:21 Fletching
16:30 Bow Saw
17:51 Bodkin Arrow
18:58 Gold Mining
20:55 Ballistics
21:10 Stone Mining
21:17 Gillnets
22:52 Gold Shaft Mining
22:33 Horse Collar
23:36 Clinker Construction
30:15 Imperial Age
29:14 Padded Archer Armor
28:57 Treadmill Crane
30:15 Leather Archer Armor
30:13 Masonry
29:40 Crossbowman
30:37 Heavy Plow
31:19 Bogsveigar
31:20 Bracer
32:24 Chemistry
AiM | Yellowdanger
4:46 Loom
9:40 Feudal Age
10:06 Double-Bit Axe
10:32 Town Watch
11:23 Man-at-Arms
12:00 Fishing Lines
13:38 Arson
15:17 Forging
16:32 Fletching
18:10 Wheelbarrow
23:27 Castle Age
21:55 Scale Mail Armor
22:47 Gold Mining
24:05 Bodkin Arrow
23:31 Crossbowman
24:22 Bow Saw
24:06 Gillnets
23:47 Pikeman
24:46 Hand Cart
27:46 Town Patrol
27:43 Long Swordsman
28:47 Squires
29:26 Chain Mail Armor
Lyy
6:33 Loom
9:32 Feudal Age
16:54 Fishing Lines
18:58 Double-Bit Axe
21:37 Wheelbarrow
23:59 Castle Age
22:47 Stone Mining
22:54 Gold Mining
24:42 Gillnets
28:19 Bow Saw
fengxxx
11:51 Feudal Age
12:22 Double-Bit Axe
20:37 Castle Age
22:39 Medium Warships
23:18 Wheelbarrow
22:38 Gold Mining
22:40 Stone Mining
23:02 Bow Saw
23:24 Loom
25:06 Padded Archer Armor
24:56 Fletching
27:18 Clinker Construction
27:22 Careening
30:52 Fishing Lines
Wendysocute
11:51 Feudal Age
15:21 Castle Age
13:15 Double-Bit Axe
15:06 Gold Mining
15:41 Scale Barding Armor
15:48 Loom
16:58 Forging
16:54 Husbandry
20:06 Horse Collar
21:03 Bloodlines
21:57 Wheelbarrow
23:29 Hand Cart
28:17 Heavy Plow
511
10:59 Feudal Age
12:27 Loom
13:00 Fletching
20:59 Castle Age
21:13 Padded Archer Armor
Connection lost

Rejoining the realm…

Still unreachable

The connection could not be restored.

Session expired

The server has moved on; the page needs a fresh start.